 Dungeon Crawl Stone Soup version 0.23.2-1-ga50397a (webtiles) character file.

Game seed: 3816382521943364276

29 kae the Changer (level 3, -1/26 HPs)
             Began as a Demonspawn Transmuter on Apr 14, 2019.
             Slain by an orc
             ... wielding a +0 trident
              (7 damage)
             ... on level 2 of the Dungeon.
             The game lasted 00:01:01 (1873 turns).

kae the Changer (Demonspawn Transmuter)             Turns: 1873, Time: 00:01:02

Health: -1/26      AC:  3    Str: 10    XL:     3   Next: 1%
Magic:  6/6        EV: 14    Int: 14    God:
Gold:   71         SH:  0    Dex: 14    Spells: 3/6 levels left

rFire    . . .     SeeInvis .   c - +0 hand axe
rCold    . . .     Gourm    .   (no shield)
rNeg     . . .     Faith    .   b - +0 robe
rPois    .         Spirit   .   (no helmet)
rElec    .         Reflect  .   (no cloak)
rCorr    +         Harm     .   (no gloves)
MR       .....                  f - +0 pair of boots (curse)
Stlth    +.........             (no amulet)
HPRegen  0.08/turn              h - ring of resist corrosion
MPRegen  0.10/turn              (no ring)

@: no status effects
A: repulsion field 1
a: no special abilities


You were on level 2 of the Dungeon.
You were not hungry.

You visited 1 branch of the dungeon, and saw 2 of its levels.

You collected 71 gold pieces.

Inventory:

Hand Weapons
 c - a +0 hand axe (weapon)
Missiles
 a - 34 arrows
Armour
 b - a +0 robe (worn)
 f - a cursed +0 pair of boots (worn)
Jewellery
 h - a ring of resist corrosion (left hand)
Potions
 e - a potion of lignification {unknown}
 g - a potion of curing
 j - 2 potions of cancellation {unknown}
Comestibles
 d - 3 rations


   Skills:
 - Level 1.0 Fighting
 - Level 1.7 Dodging
 - Level 2.6 Unarmed Combat
 - Level 2.0 Spellcasting
 + Level 3.2 Transmutations


You had 3 spell levels left.
You knew the following spells:

 Your Spells              Type           Power        Failure   Level  Hunger
a - Beastly Appendage     Tmut           ##....       6%          1    ##.....
b - Sticks to Snakes      Tmut           ##......     10%         2    ###....

Your spell library contained the following spells:

 Spells                   Type           Power        Failure   Level  Hunger
 Spider Form              Tmut/Pois      #.........   36%         3    ####...
 Ice Form                 Ice/Tmut       #.......     77%         4    #####..
 Blade Hands              Tmut           ##........   87%         5    ######.


Dungeon Overview and Level Annotations

Branches:
Dungeon (2/15)

Altars:


Innate Abilities, Weirdness & Mutations

You are surrounded by a mild repulsion field. (EV +2)


Message History

* * * LOW HITPOINT WARNING * * *
You are too injured to fight recklessly!
You are too injured to fight recklessly!
You are too injured to fight recklessly!
You hit the jackal but do no damage.
The jackal pauses to sniff the ground.
The jackal misses you. The orc misses you. The jackal closely misses you.
You are too injured to fight recklessly!
You are too injured to fight recklessly!
You barely miss the jackal.
You headbutt the jackal, but do no damage.
Your horns disappear.
The jackal closely misses you. The orc barely misses you.
The jackal closely misses you. The jackal closely misses you.
You hit the jackal.
The jackal is moderately wounded.
The jackal closely misses you.
The orc hits you from afar with a +0 trident!
You die...

#......)...>.........
#...#####..รท#'####..
#. #+###.# #.# #.#
#.# #o# #h# #@# #.#
#.# #.# #.# #.# #.#.#
#.#.# #.#.#


You could see an orc and a jackal.

Vanquished Creatures
  A dart slug (D:1)
  A leopard gecko (D:1)
  3 giant cockroaches (D:1)
  A goblin (D:2)
  4 hobgoblins
  A ball python (D:1)
  4 bats
  3 frilled lizards (D:1)
  6 kobolds (D:1)
  2 rats (D:1)
26 creatures vanquished.

Notes
Turn   | Place    | Note
-------+----------+-------------------------------------------
     0 | D:1      | kae the Demonspawn Transmuter began the quest for the Orb.
     0 | D:1      | Reached XP level 1. HP: 15/15 MP: 3/3
   348 | D:1      | Reached skill level 2 in Transmutations
   736 | D:1      | Gained mutation: You are surrounded by a mild repulsion
                  | field. (EV +2) [demonic ancestry]
   736 | D:1      | Reached XP level 2. HP: 21/21 MP: 3/5
  1110 | D:1      | Reached skill level 3 in Transmutations
  1836 | D:2      | Learned a level 2 spell: Sticks to Snakes
  1862 | D:2      | Reached XP level 3. HP: 23/26 MP: 4/6
  1873 | D:2      | Slain by an orc

Skill      XL: |  1  2 |
---------------+-------+-----
Transmutations | 2 3 |  3.2
Fighting       | |  1.0
Dodging        | |  1.7
Unarmed Combat | |  2.6
Spellcasting   | |  2.0

Action                   || total
-------------------------++-------
Melee: Unarmed           ||    31
       Hand axe          ||    53
       Headbutt          ||     6
       Punch             ||     2
 Cast: Beastly Appendage ||    14
  Use: Scroll            ||     2
  Eat: Chunk             ||     3
Armor: Robe              ||    20
Dodge: Dodged            ||    74
